 Dungeon Crawl Stone Soup version 0.29-a0-653-gd47aff6735 (webtiles) character file.

Game seed: 4483151291500994109

10 CowFu the Skirmisher (level 2, -3/19 HPs)
             Began as a Gargoyle Fighter on June 21, 2022.
             Slain by Natasha (7 damage)
             ... on level 3 of the Dungeon.
             The game lasted 00:00:37 (1156 turns).

CowFu the Skirmisher (Gargoyle Fighter)             Turns: 1156, Time: 00:00:38

Health: -3/19      AC:  9    Str: 19    XL:     2   Next: 20%
Magic:  2/2        EV:  9    Int:  8    God:
Gold:   16         SH:  4    Dex:  9    Spells: 1/1 levels left

rFire   . . .      SeeInvis .   a - +0 flail
rCold   . . .      Faith    .   c - +0 buckler
rNeg    + . .      Spirit   .   b - +0 scale mail
rPois   ∞          Reflect  .   (no helmet)
rElec   +          Harm     .   (no cloak)
rCorr   .          Rampage  .   (no gloves)
Will    .....                   (no boots)
Stlth   ..........              (no amulet)
HPRegen 0.06/turn               (no ring)
MPRegen 0.08/turn               (no ring)

@: mighty
A: sickness immunity, AC +2, negative energy resistance 1, electricity
resistance, torment resistance 1, petrification resistance
a: no special abilities


You were on level 3 of the Dungeon.
You visited 1 branch of the dungeon, and saw 3 of its levels.

You collected 16 gold pieces.

Inventory:

Hand Weapons
 a - a +0 flail (weapon)
Armour
 b - a +0 scale mail (worn)
 c - a +0 buckler (worn)
Scrolls
 g - 2 scrolls of identify {unknown}
 h - a scroll of fear {unknown}
Potions
 d - a potion of might
 e - a potion of lignification {unknown}
 f - a potion of haste {unknown}


   Skills:
 + Level 3.4 Fighting
 + Level 2.2 Maces & Flails
 + Level 3.4 Armour
 + Level 3.4 Shields


You had one spell level left.
You didn't know any spells.
Your spell library was empty.

Dungeon Overview and Level Annotations

Branches:
Dungeon (3/15)

Altars:

Annotations:
D:3 Natasha


Innate Abilities, Weirdness & Mutations

You are immune to sickness and miasma.
Your stone body is resilient. (AC +2)
You are immune to poison.
You resist negative energy. (rN+)
You are resistant to electric shocks. (rElec)
You are resistant to unholy torment.
You are immune to petrification.


Message History

The gnoll attacks as you move away! The gnoll hits you with a +0 club.
An adder comes into view.
The gnoll attacks as you move away! The gnoll hits you with a +0 club.
The adder bites you but does no damage. The gnoll attacks as you move away!
The gnoll closely misses you.
Found a hand axe.
The adder bites you but does no damage. The adder bites you but does no damage.
Found a stone staircase leading down.
The adder bites you but does no damage. The adder attacks as you move away!
The adder bites you but does no damage.
Natasha and a worm come into view.
Found a ring mail.
Natasha hisses angrily.
Found a stone staircase leading down.
Natasha stares at you and mumbles some strange words.
The magic dart hits you but does no damage.
The adder attacks as you move away! The adder bites you but does no damage.
Found a stone staircase leading up.
You block the adder's attack. The adder attacks as you move away!
The adder closely misses you. You block Natasha's attack.
The adder closely misses you.
There is a stone staircase leading down here.
Natasha claws you. The adder bites you but does no damage.
You climb downwards.
The hobgoblin shouts!
Found a stone staircase leading up.
There is a stone staircase leading up here.
The adder attacks as you move away! The adder barely misses you.
Found a faded altar of an unknown god.
Natasha attacks as you move away! Natasha claws you.
* * * LOW HITPOINT WARNING * * *
Natasha growls.
The adder attacks as you move away! The adder bites you but does no damage.
Found a lumpy silvery potion.
Natasha claws you but does no damage. The adder barely misses you.
The adder attacks as you move away! You block the adder's attack.
Natasha attacks as you move away! Natasha barely misses you.
Natasha casts a spell.
You feel very mighty all of a sudden. Natasha claws you!
You die...

..###### .......#
##.##..###
#...#....#
._....#.##########
#...5Sh@....!..
.##.##...r#########.
......g<..#
.######...# .....#
......# ##.##... #.
..<.# .. #...#


You could see Natasha, an adder, a white imp (summoned), a hobgoblin and a rat.

Vanquished Creatures
  A dart slug (D:1)
  2 endoplasms (D:1)
  A goblin (D:1)
  A quokka (D:1)
  A ball python (D:1)
  A frilled lizard (D:1)
  A kobold (D:1)
8 creatures vanquished.

Notes
Turn   | Place    | Note
-------+----------+-------------------------------------------
     0 | D:1      | CowFu the Gargoyle Fighter began the quest for the Orb.
     0 | D:1      | Reached XP level 1. HP: 14/14 MP: 1/1
   486 | D:1      | Reached XP level 2. HP: 19/19 MP: 2/2
  1143 | D:2      | Noticed Natasha
  1151 | D:3      | Found a faded altar of an unknown god.
  1156 | D:3      | Slain by Natasha

Illustrated notes

Levels and vault maps discovered:
D:1:      saegor_arrival_under_anarchy, layout_loops_corners
D:2:      layout_rooms, minmay_misc_feat_four_crosses, uniq_natasha
D:3:      layout_loops_ring, ebering_ecumenical_altar_box

Action                   || total
-------------------------++-------
Melee: Flail             ||    18
  Use: Potion            ||     1
Armor: Scale mail        ||    18
Dodge: Dodged            ||    12
Block: Buckler           ||     6

Table legend: (Time is in decaauts)
 A = Elapsed time spent in this place.
 B = Non-inter-level travel time spent in this place.
 C = Inter-level travel time spent in this place.
 D = Time resting spent in this place.
 E = Time spent auto-exploring this place.
 F = Levels seen in this place.
 G = Mean time per level.
                   A        B        C        D        E       F      G
               +--------+--------+--------+--------+--------+-----+--------+
         Total |   1162 |   1098 |     64 |      0 |   1015 |   3 |  387.3 |
       Dungeon |   1162 |   1098 |     64 |      0 |   1015 |   3 |  387.3 |
               +--------+--------+--------+--------+--------+-----+--------+

Top non-repeatable levels by time:
     D:1: 1139 daAuts
     D:2: 17 daAuts
     D:3: 5 daAuts
